PAAA
SCRANTON SUPERNOVAS @ CALGARY LYNX
05/10/2034
 
TOP OF THE 1ST
Scranton Supernovas batting - Pitching for Calgary Lynx : RHP Lorenzo Díaz
Pitching: RHP Lorenzo Díaz
Batting: RHB Jesús Guzmán 0-0: Ball
1-0: Called Strike
1-1: Swinging Strike
1-2: Ball
2-2: Foul Ball, location: 2F
2-2: Ball
3-2: Fly out, F9 (Flyball, 9S)
Batting: RHB José Bravo 0-0: Called Strike
0-1: Ball
1-1: Called Strike
1-2: Ball
2-2: Foul Ball, location: 2F
2-2: Foul Ball, location: 2F
2-2: Ball
3-2: Fly out, F9 (Flyball, 9S)
Batting: LHB Hai-feng Tang 0-0: Ball
1-0: Ball
2-0: Ball
3-0: Called Strike
3-1: Base on Balls
Batting: RHB Felipe Bruno 0-0: Ball
1-0: Foul Ball, location: 2F
1-1: Ground out 3-1 (Groundball, 34S)
Top of the 1st over - 0 runs, 0 hits, 0 errors, 1 left on base; Scranton 0 - Calgary 0
BOTTOM OF THE 1ST
Calgary Lynx batting - Pitching for Scranton Supernovas : RHP Malulani Anakone
Pitching: RHP Malulani Anakone
Batting: RHB Jing-sheng Joo 0-0: Ball
1-0: Fly out, F6 (Line Drive, 56)
Batting: LHB Daniel García 0-0: Called Strike
0-1: SINGLE (Groundball, 4MD)
Batting: LHB Michael Ward 0-0: Called Strike
0-1: Ball
1-1: DOUBLE (Line Drive, 78D)
Daniel García to third
Batting: RHB Hani Azwan 0-0: Fly out, F9 (Flyball, 9S)
Batting: RHB José de la Cavallería 0-0: Ball
1-0: Ball
2-0: DOUBLE (Line Drive, 9D)
Daniel García scores
Michael Ward scores
Batting: RHB Cody Jaeckel 0-0: Called Strike
0-1: Swinging Strike
0-2: Ground out 5-3 (Groundball, 56)
Bottom of the 1st over - 2 runs, 3 hits, 0 errors, 1 left on base; Scranton 0 - Calgary 2
TOP OF THE 2ND
Scranton Supernovas batting - Pitching for Calgary Lynx : RHP Lorenzo Díaz
Batting: LHB Chase Popoff 0-0: Ball
1-0: Fly out, F6 (Popup, 56)
Batting: RHB José Rodríguez 0-0: Called Strike
0-1: Ball
1-1: Ball
2-1: Ball
3-1: Base on Balls
Batting: RHB Mike Pate 0-0: Ball
1-0: Foul Ball, location: 2F
1-1: Ball
2-1: Foul Ball, location: 2F
2-2: Ball
3-2: Grounds into double play, 6-4-3 (Groundball, 6)
Top of the 2nd over - 0 runs, 0 hits, 0 errors, 0 left on base; Scranton 0 - Calgary 2
BOTTOM OF THE 2ND
Calgary Lynx batting - Pitching for Scranton Supernovas : RHP Malulani Anakone
Batting: RHB Júlio Vargas 0-0: Called Strike
0-1: Ball
1-1: Ball
2-1: Ball
3-1: Foul Ball, location: 2F
3-2: Base on Balls
Batting: RHB Luis Delvalle 0-0: Ball
1-0: Foul Ball, location: 2F
1-1: Ball
2-1: Ball
3-1: Base on Balls
Júlio Vargas to second
Batting: RHB Rubén Medina 0-0: Swinging Strike
0-1: Fly out, F9 (Flyball, 89S)
Batting: RHB Jing-sheng Joo 0-0: Ball
1-0: Foul Ball, location: 2F
1-1: SINGLE (Groundball, 6MD)
Júlio Vargas to third
Luis Delvalle to second
Runner from 3rd tries for Home, SAFE, no throw
Batting: LHB Daniel García 0-0: Foul Ball, location: 2F
0-1: Foul Ball, location: 2F
0-2: Ball
1-2: Strikes out swinging
Batting: LHB Michael Ward 0-0: Ball
1-0: Ball
2-0: Ball
3-0: Base on Balls
Luis Delvalle to third
Jing-sheng Joo to second
Batting: RHB Hani Azwan 0-0: Fly out, F8 (Flyball, 8LM)
Bottom of the 2nd over - 1 run, 1 hit, 0 errors, 3 left on base; Scranton 0 - Calgary 3
TOP OF THE 3RD
Scranton Supernovas batting - Pitching for Calgary Lynx : RHP Lorenzo Díaz
Batting: RHB Augusto Escobar 0-0: Foul Ball, location: 2F
0-1: Swinging Strike
0-2: Ball
1-2: Strikes out looking
Batting: RHB Tomás Flores 0-0: Ball
1-0: Ball
2-0: Ball
3-0: Base on Balls
Batting: RHB Jesús Guzmán 0-0: Called Strike
0-1: Ball
1-1: Ball
2-1: Foul Ball, location: 2F
2-2: Strikes out looking
Batting: RHB José Bravo 0-0: Called Strike
Tomás Flores is caught stealing 2nd base
Top of the 3rd over - 0 runs, 0 hits, 0 errors, 0 left on base; Scranton 0 - Calgary 3
BOTTOM OF THE 3RD
Calgary Lynx batting - Pitching for Scranton Supernovas : RHP Malulani Anakone
Batting: RHB José de la Cavallería 0-0: Ball
1-0: Fly out, F9 (Flyball, 9S)
Batting: RHB Cody Jaeckel 0-0: Ball
1-0: Called Strike
1-1: Foul Ball, location: 2F
1-2: Ground out 1-3 (Groundball, 13S)
Batting: RHB Júlio Vargas 0-0: Ball
1-0: Fly out, F6 (Line Drive, 6)
Bottom of the 3rd over - 0 runs, 0 hits, 0 errors, 0 left on base; Scranton 0 - Calgary 3
TOP OF THE 4TH
Scranton Supernovas batting - Pitching for Calgary Lynx : RHP Lorenzo Díaz
Batting: RHB José Bravo 0-0: Called Strike
0-1: Fly out, F5 (Line Drive, 5L)
Batting: LHB Hai-feng Tang 0-0: Ball
1-0: Ball
2-0: Ball
3-0: Called Strike
3-1: SINGLE (Groundball, 6MD)
Batting: RHB Felipe Bruno 0-0: Called Strike
0-1: Ball
1-1: Ball
2-1: Ball
3-1: Base on Balls
Hai-feng Tang to second
Batting: LHB Chase Popoff 0-0: Called Strike
0-1: Ball
1-1: Called Strike
1-2: Foul Ball, location: 2F
1-2: Foul Ball, location: 2F
1-2: Foul Ball, location: 2F
1-2: SINGLE (Groundball, 25) (infield hit)
Hai-feng Tang to third
Felipe Bruno to second
Batting: RHB José Rodríguez 0-0: Ball
1-0: Foul Ball, location: 2F
1-1: Foul Ball, location: 2F
1-2: Grounds into double play, 5-4-3 (Groundball, 56)
Top of the 4th over - 0 runs, 2 hits, 0 errors, 2 left on base; Scranton 0 - Calgary 3
BOTTOM OF THE 4TH
Calgary Lynx batting - Pitching for Scranton Supernovas : RHP Malulani Anakone
Batting: RHB Luis Delvalle 0-0: Foul Ball, location: 2F
0-1: Swinging Strike
0-2: Ball
1-2: Fly out, F6 (Popup, 6M)
Batting: RHB Rubén Medina 0-0: Ball
1-0: Ball
2-0: Ball
3-0: Called Strike
3-1: Foul Ball, location: 2F
3-2: Foul Ball, location: 2F
3-2: Foul Ball, location: 2F
3-2: Foul Ball, location: 2F
3-2: Base on Balls
Batting: RHB Jing-sheng Joo 0-0: Ball
1-0: Ball
2-0: Ball
3-0: Called Strike
3-1: Foul Ball, location: 2F
3-2: Strikes out looking
Batting: LHB Daniel García 0-0: Ball
1-0: Ball
2-0: Ball
3-0: Base on Balls
Rubén Medina to second
Batting: LHB Michael Ward 0-0: Fly out, F7 (Flyball, 7LSF)
Bottom of the 4th over - 0 runs, 0 hits, 0 errors, 2 left on base; Scranton 0 - Calgary 3
TOP OF THE 5TH
Scranton Supernovas batting - Pitching for Calgary Lynx : RHP Lorenzo Díaz
Batting: RHB Mike Pate 0-0: Bunt for hit - play at first, batter OUT! 1-3
Batting: RHB Augusto Escobar 0-0: Foul Ball, location: 2F
0-1: Ball
1-1: Ball
2-1: Ball
3-1: Base on Balls
Batting: RHB Tomás Flores 0-0: Ground out 4-3 (Groundball, 34D)
Augusto Escobar to second
Batting: RHB Jesús Guzmán 0-0: Called Strike
0-1: Ball
1-1: Ball
2-1: Called Strike
2-2: Fly out, F5 (Popup, 5SF)
Top of the 5th over - 0 runs, 0 hits, 0 errors, 1 left on base; Scranton 0 - Calgary 3
BOTTOM OF THE 5TH
Calgary Lynx batting - Pitching for Scranton Supernovas : RHP Malulani Anakone
Batting: RHB Hani Azwan 0-0: Ball
1-0: Ground out 6-3 (Groundball, 6)
Batting: RHB José de la Cavallería 0-0: Ball
1-0: Foul Ball, location: 2F
1-1: Ball
2-1: SINGLE (Line Drive, 9S)
Batting: RHB Cody Jaeckel 0-0: Called Strike
0-1: Swinging Strike
0-2: Ball
1-2: Ball
2-2: Fly out, F8 (Flyball, 8LXD)
Batting: RHB Júlio Vargas 0-0: Ball
1-0: Ball
2-0: Foul Ball, location: 2F
2-1: Foul Ball, location: 2F
2-2: Strikes out swinging
Bottom of the 5th over - 0 runs, 1 hit, 0 errors, 1 left on base; Scranton 0 - Calgary 3
TOP OF THE 6TH
Scranton Supernovas batting - Pitching for Calgary Lynx : RHP Lorenzo Díaz
Batting: RHB José Bravo 0-0: Swinging Strike
0-1: Ball
1-1: Ball
2-1: Foul Ball, location: 2F
2-2: Foul Ball, location: 2F
2-2: Ball
3-2: Strikes out swinging
Batting: LHB Hai-feng Tang 0-0: Ball
1-0: Foul Ball, location: 2F
1-1: Ball
2-1: Ball
3-1: Foul Ball, location: 2F
3-2: Ground out 1-3 (Groundball, P)
Batting: RHB Felipe Bruno 0-0: Swinging Strike
0-1: Called Strike
0-2: Ball
1-2: SINGLE (Line Drive, 89S)
Pitching: RHP Wai-ho Fan
Batting: LHB Chase Popoff 0-0: Called Strike
0-1: Foul Ball, location: 2F
0-2: Ball
1-2: Fly out, F1 (Line Drive, 15S)
Top of the 6th over - 0 runs, 1 hit, 0 errors, 1 left on base; Scranton 0 - Calgary 3
BOTTOM OF THE 6TH
Calgary Lynx batting - Pitching for Scranton Supernovas : RHP Malulani Anakone
Batting: RHB Luis Delvalle 0-0: Ball
1-0: Called Strike
1-1: Ground out 6-3 (Groundball, 6)
Batting: RHB Rubén Medina 0-0: Called Strike
0-1: Called Strike
0-2: Ball
1-2: Ball
2-2: Strikes out swinging
Batting: RHB Jing-sheng Joo 0-0: Foul Ball, location: 2F
0-1: Ground out 4-3 (Groundball, 4)
Bottom of the 6th over - 0 runs, 0 hits, 0 errors, 0 left on base; Scranton 0 - Calgary 3
TOP OF THE 7TH
Scranton Supernovas batting - Pitching for Calgary Lynx : RHP Wai-ho Fan
Batting: RHB José Rodríguez 0-0: Foul Ball, location: 2F
0-1: Ball
1-1: Swinging Strike
1-2: Strikes out looking
Batting: RHB Mike Pate 0-0: Ground out U3 (Groundball, 3)
Batting: RHB Augusto Escobar 0-0: Foul Ball, location: 2F
0-1: Foul Ball, location: 2F
0-2: Ball
1-2: Strikes out swinging
Top of the 7th over - 0 runs, 0 hits, 0 errors, 0 left on base; Scranton 0 - Calgary 3
BOTTOM OF THE 7TH
Calgary Lynx batting - Pitching for Scranton Supernovas : RHP Malulani Anakone
Batting: LHB Daniel García 0-0: Ball
1-0: SOLO HOME RUN (Flyball, 9D), Distance : 345 ft
Batting: LHB Michael Ward 0-0: SINGLE (Line Drive, 8RS)
Pitching: RHP Osvaldo Garibe
Batting: RHB Hani Azwan 0-0: Ball
1-0: Ball
Michael Ward steals 2nd base
2-0: Fly out, F8 (Flyball, 8LD)
Runner from 2nd tags up, SAFE at 3rd with throw
Batting: RHB José de la Cavallería 0-0: Ball
1-0: Ball
2-0: Called Strike
2-1: Foul Ball, location: 2F
2-2: Strikes out swinging
Batting: RHB Cody Jaeckel 0-0: Called Strike
0-1: Ball
1-1: Ball
2-1: Called Strike
2-2: Ball
3-2: Fly out, F8 (Flyball, 78M)
Bottom of the 7th over - 1 run, 2 hits, 0 errors, 1 left on base; Scranton 0 - Calgary 4
TOP OF THE 8TH
Scranton Supernovas batting - Pitching for Calgary Lynx : RHP Wai-ho Fan
Batting: RHB Tomás Flores 0-0: Called Strike
0-1: SINGLE (Flyball, 78S)
Batting: RHB Jesús Guzmán 0-0: Called Strike
0-1: Ground out 4-3 (Groundball, 4S)
Tomás Flores to second
Batting: RHB José Bravo 0-0: Foul Ball, location: 2F
0-1: Ball
1-1: Ball
2-1: Foul Ball, location: 2F
2-2: Foul Ball, location: 2F
2-2: Foul Ball, location: 2F
2-2: Strikes out swinging
Batting: LHB Hai-feng Tang 0-0: Ball
1-0: Called Strike
1-1: Ball
2-1: Foul Ball, location: 2F
2-2: Foul Ball, location: 2F
2-2: Ball
3-2: Base on Balls
Batting: RHB Felipe Bruno 0-0: Called Strike
0-1: Swinging Strike
0-2: Ball
1-2: Ball
2-2: Fly out, F8 (Flyball, 8RS)
Top of the 8th over - 0 runs, 1 hit, 0 errors, 2 left on base; Scranton 0 - Calgary 4
BOTTOM OF THE 8TH
Calgary Lynx batting - Pitching for Scranton Supernovas : RHP Osvaldo Garibe
Batting: RHB Júlio Vargas 0-0: Called Strike
0-1: Swinging Strike
0-2: Ball
1-2: Ball
2-2: Strikes out swinging
Pitching: RHP Orlando Ángel
Batting: RHB Luis Delvalle 0-0: Ball
1-0: Ball
2-0: Ball
3-0: Called Strike
3-1: Base on Balls
Batting: RHB Rubén Medina 0-0: Ball
1-0: Ball
2-0: Ball
3-0: Base on Balls
Luis Delvalle to second
Batting: RHB Jing-sheng Joo 0-0: Called Strike
0-1: Ball
1-1: Foul Ball, location: 2F
1-2: Fly out, F6 (Popup, 6M)
Pitching: RHP Boyd Brennan
Batting: LHB Daniel García 0-0: Ball
1-0: Called Strike
1-1: Ground out 4-3 (Groundball, 4S)
Bottom of the 8th over - 0 runs, 0 hits, 0 errors, 2 left on base; Scranton 0 - Calgary 4
TOP OF THE 9TH
Scranton Supernovas batting - Pitching for Calgary Lynx : RHP Wai-ho Fan
Batting: LHB Chase Popoff 0-0: Ball
1-0: Foul Ball, location: 2F
1-1: Ball
2-1: Fly out, F7 (Flyball, 7)
Batting: RHB José Rodríguez 0-0: Foul Ball, location: 2F
0-1: Swinging Strike
0-2: Strikes out swinging
Batting: RHB Mike Pate 0-0: Called Strike
0-1: Ball
1-1: SINGLE (Flyball, 8RS)
Batting: RHB Augusto Escobar 0-0: Ball
1-0: Swinging Strike
1-1: Swinging Strike
1-2: Ground out 6-3 (Groundball, 6S)
Top of the 9th over - 0 runs, 1 hit, 0 errors, 1 left on base; Scranton 0 - Calgary 4
Friday, March 29th, 2019 - OOTP Baseball 18.8 Build 76